 Dungeon Crawl Stone Soup version 0.31.0-11-ge490571c62 (webtiles) character file.

Game seed: 3301103804942607878

614 Bobbunny the Trooper (level 7, -5/59 HPs)
             Began as a Formicid Delver on Feb 3, 2024.
             Slain by Prince Ribbit (6 damage)
             ... on level 5 of the Dungeon.
             The game lasted 00:04:30 (4162 turns).

Bobbunny the Trooper (Formicid Delver)              Turns: 4162, Time: 00:04:31

Health: -5/59      AC:  9    Str: 18    XL:     7   Next: 73%
Magic:  0/7        EV:  8    Int: 10    God:
Gold:   213        SH:  0    Dex: 15    Spells: 6/6 levels left

rFire   . . .        d - +1 broad axe
rCold   . . .        (no shield)
rNeg    . . .        k - +0 chain mail
rPois   .            (helmet unavailable)
rElec   .            (no cloak)
rCorr   .            q - +0 pair of gloves
SInv    +            (no boots)
Will    .....        e - amulet of guardian spirit
Stlth   +            (no ring)
HPRegen 0.29/turn    (no ring)
MPRegen 0.10/turn

%: guardian spirit
@: no status effects
A: permanent stasis, dig shafts and tunnels, antennae 3, four strong arms
a: Dig, Shaft Self


You were on level 5 of the Dungeon.
You visited 1 branch of the dungeon, and saw 5 of its levels.

You collected 213 gold pieces.

Inventory:

Hand Weapons
 d - a +1 broad axe (weapon)
Armour
 k - a +0 chain mail (worn)
 m - the +3 chain mail "Vaheplaf" {rC+ Regen+}
   (You found it on level 4 of the Dungeon)

   rC+:       It protects you from cold.
   Regen+:    It increases your rate of health regeneration.
 q - a +0 pair of gloves (worn)
Jewellery
 e - an amulet of guardian spirit (around neck)
Wands
 a - a wand of charming (6)
 f - a wand of digging (3)
Scrolls
 c - 3 scrolls of fog
 j - a scroll of fear
 l - 2 scrolls of poison
Potions
 b - 2 potions of brilliance {unknown}
 g - 3 potions of lignification
 h - a potion of cancellation {unknown}
 i - a potion of attraction {unknown}
 o - a potion of degeneration {unknown}
 p - a potion of ambrosia


   Skills:
 + Level 6.9 Fighting
 + Level 5.8 Axes
 - Level 1.7 Dodging
 - Level 6.0 Stealth


You had 6 spell levels left.
You didn't know any spells.
Your spell library contained the following spells:

 Spells                   Type           Power      Damage    Failure   Level
 Lesser Beckoning         Tloc           0%         N/A       99%         2
 Gell's Gravitas          Tloc           0%         N/A       100%        3
 Teleport Other           Tloc           0%         N/A       100%        3
 Malign Gateway           Summ/Tloc      0%         N/A       100%        7
 Summon Horrible Things   Summ           0%         N/A       100%        8


Dungeon Overview and Level Annotations

Branches:
Dungeon (5/15)             Temple (0/1) D:5

Altars:
Elyvilon
Fedhas
Hepliaklqana
Makhleb
Ru
Trog

Annotations:
D:2 1 runed translucent door, Crazy Yiuf
D:5 Prince Ribbit


Innate Abilities, Weirdness & Mutations

You cannot be hasted, slowed, berserked, paralysed or teleported.
You can dig through walls and to a lower floor.
You have a pair of large antennae on your head. (SInv)
Your four strong arms can wield two-handed weapons with a shield.


Message History

You barely miss Prince Ribbit.
Prince Ribbit hits you but does no damage.
Prince Ribbit closely misses you.
You hit Prince Ribbit.
Prince Ribbit is lightly wounded.
Prince Ribbit hits you.
Prince Ribbit hits you but does no damage.
You barely miss Prince Ribbit.
Prince Ribbit is lightly wounded.
Prince Ribbit blinks!
Okay, then.
Found a falchion.
Prince Ribbit hits you!
Prince Ribbit catches a moth with his tongue.
Prince Ribbit hits you.
You barely miss Prince Ribbit.
Prince Ribbit is lightly wounded.
Prince Ribbit hits you but does no damage.
You closely miss Prince Ribbit.
Prince Ribbit is lightly wounded.
Prince Ribbit barely misses you.
Prince Ribbit croaks regally.
Prince Ribbit closely misses you.
You barely miss Prince Ribbit.
Prince Ribbit is lightly wounded.
Prince Ribbit hits you!
Prince Ribbit hits you but does no damage.
You barely miss Prince Ribbit.
Prince Ribbit is lightly wounded.
Prince Ribbit hits you!
* * * LOW HITPOINT WARNING * * *
Prince Ribbit lets out a mournful croak.
Prince Ribbit hits you!
* * * LOW HITPOINT WARNING * * *
Aiming: Charm
Press: ? - help, Shift-Dir - straight line, f - Prince Ribbit
Aim: Prince Ribbit (lightly wounded, chance to affect: 31%) Prince Ribbit easily resists.
Prince Ribbit hits you.
You die...

**,*,**,*,*,,,*,,,,,*****,*
,,,,,,,,,,,,#.,..#,,..,,,,*
****,,,*,*#,#.##.#.#.******
*,,,*,,,.,.......,*
*,*,,,.##.#.#.#.#**
*,*,**..).#.#.#.#
*,,,,,..........#
**,,,,.......F.#*
******,,,.......@.#
,,,,,,,**#.#####.##
**********,* #.#
,,,,<,,,,,,* ###.#
************ #...# .# #.#.#
.# ####.#.## .# #.......#
.# #.#####.#


You could see Prince Ribbit.

Vanquished Creatures
  2 black bears (D:4)
  A sky beast (D:4)
  An orc priest (D:4)
  3 hounds (D:4)
  9 adders
  A dart slug (D:3)
  A ribbon worm (D:4)
  3 orcs (D:4)
  9 ball pythons
  2 bats
  6 endoplasms
  3 giant cockroaches
  7 goblins
  6 hobgoblins
  6 jackals
  2 kobolds
  6 quokkas
  6 frilled lizards
  5 rats
79 creatures vanquished.

Vanquished Creatures (collateral kills)
  A black bear (D:4)
  An adder (D:4)
2 creatures vanquished.

Grand Total: 81 creatures vanquished

Notes
Turn   | Place    | Note
-------+----------+-------------------------------------------
     0 | D:5      | Bobbunny the Formicid Delver began the quest for the Orb.
     0 | D:5      | Reached XP level 1. HP: 18/18 MP: 1/1
    17 | D:5      | Noticed an orc wizard
    17 | D:5      | Noticed an orc priest
    18 | D:5      | Noticed a hound
   156 | D:3      | Reached XP level 2. HP: 23/25 MP: 2/2
   233 | D:3      | Found a sacrificial altar of Ru.
   268 | D:3      | Reached XP level 3. HP: 30/30 MP: 3/3
   338 | D:3      | Found a blossoming altar of Fedhas.
   532 | D:3      | Reached XP level 4. HP: 35/38 MP: 4/4
   651 | D:2      | Found a faded altar of an unknown god.
  1888 | D:2      | Reached XP level 5. HP: 43/43 MP: 5/5
  1918 | D:2      | Found a runed translucent door.
  1919 | D:2      | Noticed Crazy Yiuf
  3125 | D:4      | Noticed a black bear
  3126 | D:4      | Found a bloodstained altar of Trog.
  3141 | D:4      | Reached skill level 5 in Fighting
  3177 | D:4      | Noticed a black bear
  3183 | D:4      | Killed a black bear
  3184 | D:4      | Reached XP level 6. HP: 35/51 MP: 0/6
  3266 | D:4      | Noticed a black bear
  3275 | D:4      | Killed a black bear
  3300 | D:4      | Killed a black bear
  3301 | D:4      | Reached skill level 5 in Axes
  3301 | D:4      | Reached XP level 7. HP: 35/58 MP: 3/7
  3440 | D:4      | Found a burning altar of Makhleb.
  3915 | D:4      | Found a hazy altar of Hepliaklqana.
  3958 | D:4      | Identified the +3 chain mail "Vaheplaf" {rC+ Regen+}
  4112 | D:5      | Found a white marble altar of Elyvilon.
  4149 | D:5      | Noticed Prince Ribbit
  4161 | D:5      | HP: 1/59 [Prince Ribbit (9)]
  4162 | D:5      | Slain by Prince Ribbit

Illustrated notes

Levels and vault maps discovered:
D:1:      amcnicky_arrival_choice, layout_basic, serial_glass, glass_columns_b,
          glass_columns_b, minmay_misc_feat_alley, item_on_display_a
D:2:      layout_loops_corners, ebering_ecumenical_altar_ruins, feat_on_display,
          uniq_crazy_yiuf_cottage
D:3:      layout_basic, mainiacjoe_overflow_surrounded_room,
          mainiacjoe_overflow_concentric_impassable, serial_curves,
          eino_curves_04, eino_curves_04, nicolae_half_adder
D:4:      black_bear_nest_2, layout_basic, kennysheep_mini,
          nicolae_hepliaklqana_hippocampus, trog_ov_bears_minmay
D:5:      layout_loops_ring, lemuel_round_altar, zin_academy,
          minmay_temple_entry_ruins, uniq_prince_ribbit1

Skill      XL: |  1  2  3  4  5  6 |
---------------+-------------------+-----
Fighting       | 4 5 6 |  6.9
Axes           | 3 4 5 |  5.8
Dodging        | |  1.7
Stealth        | |  6.0

Action                     |  1- 3 |  4- 6 |  7- 9 || total
---------------------------+-------+-------+-------++-------
  Melee: Hand axe          |     9 |       |       ||     9
         Broad axe         |    22 |   115 |    41 ||   178
         Punch             |       |       |     2 ||     2
  Evoke: Wand              |       |     1 |     1 ||     2
    Use: Scroll            |     2 |     7 |       ||     9
   Stab: Sleeping          |     4 |    13 |       ||    17
 Armour: Leather armour    |    23 |    62 |       ||    85
         Chain mail        |       |    18 |    44 ||    62
  Dodge: Dodged            |    25 |    83 |    17 ||   125
